 Dungeon Crawl Stone Soup version 0.27-a0-522-g46bbb28828 (webtiles) character file.

Game seed: 7227367847655990616

15477 tilp the Martial Artist (level 12, 0/85 HPs)
             Began as an Octopode Transmuter on Mar 5, 2021.
             Was an Elder of Okawaru.
             Slain by a salamander
             ... wielding a +4 halberd
              (20 damage)
             ... in a volcano.
             The game lasted 00:30:44 (16489 turns).

tilp the Martial Artist (Octopode Transmuter)      Turns: 16489, Time: 00:30:45

Health: 0/85       AC:  6    Str: 15    XL:     12   Next: 27%
Magic:  26/27      EV: 25    Int: 20    God:    Okawaru [****..]
Gold:   551        SH:  0    Dex: 18    Spells: 1/19 levels left

rFire    + . .     SeeInvis .     - Unarmed
rCold    . . .     Faith    .   (shield currently unavailable)
rNeg     . . .     Spirit   .   (helmet currently unavailable)
rPois    x         Reflect  .   (no amulet)
rElec    .         Harm     .   d - +4 ring of protection
rCorr    .         Rampage  .   i - +6 ring of strength
Will     +....                  x - ring of magical power
Stlth    +++.......             D - +4 ring of slaying
HPRegen  0.24/turn              E - ring of willpower
MPRegen  0.20/turn              F - ring of protection from fire
                                (no ring)
                                (no ring)

@: spider-form, wereblooded
A: tiny, almost no armour, (amphibious), 8 rings, (constrict 8)
a: End Transformation, Renounce Religion, Heroism


You were in a volcano.
You worshipped Okawaru.
Okawaru was greatly pleased with you.
You were a venomous arachnid creature.
You visited 3 branches of the dungeon, and saw 14 of its levels.
You also visited: Ice Cave and Volcano.

You collected 551 gold pieces.

Inventory:

Missiles
 b - 86 poisoned darts (quivered)
 v - a curare-tipped dart
 A - 17 boomerangs
Jewellery
 d - a +4 ring of protection (left front leg)
 i - a +6 ring of strength (right front leg)
 x - a ring of magical power (on tentacle)
 z - an amulet of faith
 D - a +4 ring of slaying (on tentacle)
 E - a ring of willpower (on tentacle)
 F - a ring of protection from fire (on tentacle)
 G - the ring "Zixtabauru" {Ice rElec Str+2 Dex+4}
   (You found it on level 9 of the Dungeon)

   [ring of ice]

   It enhances your ice magic.
   It affects your strength (+2).
   It affects your dexterity (+4).
   It makes you vulnerable to fire.
   It protects you from cold.
   It insulates you from electricity.
Wands
 n - a wand of random effects (8)
 w - a wand of paralysis (5)
 B - a wand of flame (13)
 C - a wand of iceblast (14)
Scrolls
 a - 7 scrolls of amnesia
 g - a scroll of silence
 j - a scroll of fog
 k - a scroll of blinking
 l - 6 scrolls of teleportation
 H - a scroll of fear
Potions
 c - 3 potions of heal wounds
 e - 2 potions of invisibility
 f - a potion of haste
 h - 2 potions of mutation
 m - a potion of cancellation
 o - 2 potions of curing
 p - 2 potions of brilliance
 q - 2 potions of resistance
 r - 3 potions of might
 s - a potion of lignification {unknown}
 t - 2 potions of ambrosia
 u - a potion of attraction {unknown}


   Skills:
 + Level 9.1 Fighting
 - Level 6.0 Dodging
 - Level 4.0 Stealth
 - Level 10.0 Unarmed Combat
 - Level 4.0 Spellcasting
 - Level 8.0 Transmutations
 - Level 4.0 Ice Magic
 - Level 2.0 Poison Magic
 - Level 8.0 Invocations
 - Level 6.0 Evocations


You had one spell level left.
You knew the following spells:

 Your Spells              Type           Power        Failure   Level
a - Beastly Appendage     Tmut           72%          3%          1
b - Wereblood             Tmut           36%          4%          2
c - Spider Form           Tmut/Pois      12%          14%         3
d - Ice Form              Ice/Tmut       28%          26%         4
e - Blade Hands           Tmut           18%          30%         5
f - Mephitic Cloud        Conj/Pois/Air  6%           52%         3

Your spell library contained the following spells:

 Spells                   Type           Power        Failure   Level
 Sting                    Tmut/Pois      96%          7%          1
 Summon Small Mammal      Summ           16%          30%         1
 Ignite Poison            Fire/Tmut/Pois 17%          24%         3
 Poisonous Vapours        Pois/Air       16%          30%         2
 Call Imp                 Summ           4%           38%         2
 Call Canine Familiar     Summ           4%           58%         3
 Summon Guardian Golem    Hex/Summ       4%           58%         3
 Olgreb's Toxic Radiance  Pois           12%          71%         4
 Summon Ice Beast         Ice/Summ       12%          71%         4
 Summon Lightning Spire   Summ/Air       4%           90%         4
 Borgnjor's Revivificati  Necr           2%           100%        8
 Infestation              Necr           2%           100%        8
 Necromutation            Tmut/Necr      10%          100%        8
 Death's Door             Necr           2%           100%        9


Dungeon Overview and Level Annotations

Branches:
Dungeon (11/15)            Temple (1/1) D:4            Lair (2/6) D:9
  Snake (0/4) Lair:2          Orc (0/2) D:10          IceCv (visited)
Volcano (1/1)
  Swamp: Lair:2-4    Shoals: Lair:2-4

Altars:
Ashenzari
Cheibriados
Dithmenos
Elyvilon
Fedhas
Gozag
Hepliaklqana
Kikubaaqudgha
Makhleb
Nemelex Xobeh
Okawaru
Qazlal
Ru
Sif Muna
Trog
Uskayaw
Vehumet
Wu Jian
Xom
Yredelemnul
Zin
The Shining One

Shops:
D:9 (

Annotations:
D:5 3 runed translucent doors, Anon1729's ghost, novice OpVM
D:6 3 runed translucent doors, Grinder; bmj180's ghost, amateur DENe
D:10 exclusion: wraith, Josephine
Lair:1 exclusion: oklob plant


Innate Abilities, Weirdness & Mutations

You cannot wear most types of armour.
((You are amphibious.))
You can wear up to eight rings at the same time.
((You can use your tentacles to constrict eight enemies at once.))
((Your skin changes colour to match your surroundings (Stealth+).))
((Your rubbery body absorbs attacks. (AC +1, EV +1)))
((You are stealthy while swimming. (Stealth+)))


Message History

The salamander misses you.
The plant is engulfed in a cloud of scalding steam. x2
Aiming: Paralyse
Press: ? - help, Shift-Dir - straight line, f - two-headed ogre
Aim: a two-headed ogre, wielding a +0 giant spiked club and a +0 giant club (chance to affect: 47%)
The two-headed ogre suddenly stops moving!
The fire bat misses you.
You bite the fire bat!
You kill the fire bat!
Okawaru accepts your kill.
A nearby plant withers and dies.
The helpless two-headed ogre fails to defend itself.
You bite the two-headed ogre!
The two-headed ogre is poisoned.
The two-headed ogre is lightly wounded.
A nearby plant withers and dies.
The helpless two-headed ogre fails to defend itself.
You maul the two-headed ogre!!
The two-headed ogre looks as sick as possible!
The two-headed ogre is severely wounded.
The salamander closely misses you.
The helpless two-headed ogre fails to defend itself.
You maul the two-headed ogre!!
You kill the two-headed ogre!
Okawaru accepts your kill.
The salamander hits you from afar with a +4 halberd!
You are engulfed in flames.
You resist.
Your Fighting skill increases to level 9!
The salamander hits you with a +4 halberd!
* * * LOW HITPOINT WARNING * * *
You are engulfed in flames.
You resist.
* * * LOW HITPOINT WARNING * * *
Items here: )) [ ††.
You bite the salamander!
The salamander looks as sick as possible!
The salamander is moderately wounded.
You bite the salamander!
The salamander looks as sick as possible!
The salamander is heavily wounded.
The salamander hits you with a +4 halberd!!
You die...

♣♣♣♣§≈§§≈≈°≈§°°≈≈P.
♣♣♣♣..♣♣≈≈§≈§§○≈°≈≈≈♣
.[♣...P.§≈♣≈§§≈≈°≈≈≈♣
...P♣...♣.♣♣§≈≈≈§≈≈≈♣
♣......P...♣§P♣≈≈≈≈♣♣♣♣
.P.♣♣♣..P♣..P....♣♣♣.P♣♣
....≈≈§§≈♣......♣......♣
...§≈≈≈§≈≈≈.P...♣....♣.P.
...≈≈≈≈§≈≈≈≈≈.♣.sN...PP..P.
..≈≈≈≈♣♣♣♣≈≈≈≈§≈P.§.....♣..
♣♣≈≈≈♣♣.P♣♣♣♣≈≈≈≈≈.♣.......
♣♣♣♣♣♣.P....♣♣♣♣≈§≈≈≈P♣.P.♣
.)♣PP....P♣..♣P♣≈≈≈≈§§≈≈§≈§
..)...PP♣♣♣♣♣.P♣♣≈≈≈§≈§○§§○
♣♣♣P♣♣♣♣♣ ♣...♣♣°≈§°○§§≈≈
♣♣♣ ♣♣.♣.♣♣≈≈≈≈§ ♣.).♣♣


You could see a salamander (extremely poisoned).

Vanquished Creatures
  A hydra (Lair:1)
  4 two-headed ogres
  2 ugly things (IceCv)
  A salamander (Volcano)
  2 ice statues (IceCv)
  Maggie (D:6)
  A komodo dragon (Volcano)
  A polar bear (Lair:1)
  3 wraiths (D:10)
  4 yaks (Lair:2)
  3 wyverns
  Eustachio (D:5)
  A basilisk (Lair:2)
  5 fire bats (Volcano)
  2 steam dragons
  Edmund (D:6)
  3 wargs (D:8)
  3 swamp worms (D:11)
  3 water moccasins
  2 orc warriors (D:10)
  A sky beast (D:8)
  11 ice beasts
  An eye of draining (D:4)
  A necrophage (D:9)
  6 ogres
  A phantom (D:7)
  7 centaurs
  A kobold brigand (D:11)
  7 bullfrogs
  A water moccasin zombie (D:6)
  7 scorpions
  9 killer bees
  3 wights (D:6)
  A howler monkey (D:5)
  3 hounds
  3 quasits
  A bullfrog zombie (D:11)
  4 bullfrog skeletons
  6 orc priests
  2 centaur skeletons
  3 jellies
  2 iguanas
  13 orc wizards
  Natasha (thrice) (D:4 Temple)
  6 worker ants
  A killer bee zombie (D:5)
  A hound skeleton (D:9)
  4 gnolls (D:3)
  17 adders
  3 shadow imps
  2 ufetubi
  2 oozes
  An adder skeleton (D:5)
  2 worms (D:5)
  2 dart slugs
  2 leopard geckos
  31 orcs
  7 giant cockroaches
  4 goblins
  5 hobgoblins
  4 jackals (D:3)
  19 kobolds
  3 quokkas
  5 ball pythons
  8 bats
  2 frilled lizards
  A quokka skeleton (D:9)
  5 rats
278 creatures vanquished.

Vanquished Creatures (others)
  An orc (D:8)
  31 plants
32 creatures vanquished.

Grand Total: 310 creatures vanquished

Notes
Turn   | Place    | Note
-------+----------+-------------------------------------------
     0 | D:1      | tilp the Octopode Transmuter began the quest for the Orb.
     0 | D:1      | Reached XP level 1. HP: 13/13 MP: 3/3
   123 | D:1      | Reached skill level 1 in Stealth
   331 | D:1      | Reached XP level 2. HP: 15/18 MP: 5/5
   338 | D:1      | Learned a level 2 spell: Wereblood
   809 | D:1      | Reached XP level 3. HP: 6/23 MP: 4/6
  1478 | D:2      | Reached XP level 4. HP: 29/29 MP: 5/7
  1761 | D:2      | Found a glowing golden altar of the Shining One.
  2351 | D:3      | Reached skill level 4 in Unarmed Combat
  2351 | D:3      | Reached XP level 5. HP: 35/35 MP: 4/8
  2716 | D:3      | Found a white marble altar of Elyvilon.
  2718 | D:3      | Found a glowing silver altar of Zin.
  3099 | D:3      | Reached XP level 6. HP: 23/42 MP: 6/9
  3880 | D:4      | Found a staircase to the Ecumenical Temple.
  3885 | D:4      | Reached skill level 5 in Unarmed Combat
  3900 | D:4      | Noticed Natasha
  3912 | D:4      | Killed Natasha
  3916 | Temple   | Entered the Ecumenical Temple
  4292 | D:4      | Noticed Natasha
  4315 | Temple   | Killed Natasha
  4316 | Temple   | Reached XP level 7. HP: 34/48 MP: 8/10
  4543 | Temple   | Noticed Natasha
  4550 | Temple   | Killed Natasha
  4645 | D:4      | Reached skill level 6 in Unarmed Combat
  4649 | D:4      | Learned a level 3 spell: Spider Form
  4871 | D:4      | Reached skill level 1 in Poison Magic
  5532 | D:4      | Found a bloodstained altar of Trog.
  5549 | D:4      | Reached XP level 8. HP: 53/54 MP: 0/12
  5858 | D:5      | Entered Level 5 of the Dungeon
  6064 | D:5      | Found a runed translucent gate.
  6065 | D:5      | Found a runed translucent gate.
  6068 | D:5      | Noticed Anon1729's ghost (novice OpVM)
  6101 | D:5      | Reached skill level 5 in Transmutations
  6286 | D:5      | Noticed Eustachio
  6437 | D:5      | Found a runed translucent gate.
  6497 | D:5      | Found a shadowy altar of Dithmenos.
  6611 | D:5      | Killed Eustachio
  6695 | D:6      | Noticed Maggie
  6700 | D:6      | Killed Maggie
  6944 | D:6      | Reached XP level 9. HP: 55/59 MP: 15/15
  6976 | D:6      | Found a basalt altar of Yredelemnul.
  6993 | D:6      | Found a runed translucent gate.
  6993 | D:6      | Found a runed translucent gate.
  6994 | D:6      | Found a runed translucent gate.
  7104 | D:6      | Noticed Edmund
  7117 | D:6      | Killed Edmund
  7118 | D:6      | Reached skill level 7 in Unarmed Combat
  7303 | D:6      | Noticed bmj180's ghost (amateur DENe)
  7436 | D:6      | Noticed Grinder
  7606 | D:6      | Identified the +8 long sword "Zesm" {venom, Int+2}
  7640 | D:6      | Found a hide-covered altar of Uskayaw.
  7726 | D:7      | Reached skill level 5 in Fighting
  7895 | D:7      | Reached skill level 5 in Dodging
  8496 | D:8      | Reached skill level 8 in Unarmed Combat
  9026 | D:8      | Reached skill level 1 in Evocations
  9033 | D:8      | Reached XP level 10. HP: 21/68 MP: 16/16
  9345 | D:9      | Noticed a two-headed ogre
  9722 | D:8      | Learned a level 4 spell: Ice Form
  9733 | D:8      | Killed a two-headed ogre
  9734 | D:8      | Reached skill level 1 in Ice Magic
 10031 | D:9      | Noticed a two-headed ogre
 10039 | D:9      | Killed a two-headed ogre
 10053 | D:9      | Found a staircase to the Lair.
 10426 | D:9      | Found Duothrou's Weapon Boutique.
 10448 | D:9      | Identified the ring "Zixtabauru" {Ice rElec Str+2 Dex+4}
 10455 | D:9      | Found a glowing golden altar of the Shining One.
 10500 | D:9      | Found an iron altar of Okawaru.
 10550 | D:9      | Became a worshipper of Warmaster Okawaru
 10710 | D:9      | Found a burning altar of Makhleb.
 10859 | D:10     | Entered Level 10 of the Dungeon
 10910 | D:10     | Reached skill level 9 in Unarmed Combat
 11285 | D:10     | Noticed Josephine
 11298 | D:10     | Reached * piety under Okawaru
 11579 | D:10     | Reached skill level 10 in Unarmed Combat
 11585 | D:10     | Reached skill level 1 in Invocations
 11670 | D:10     | Found a staircase to the Orcish Mines.
 11680 | D:10     | Reached XP level 11. HP: 72/72 MP: 17/17
 13079 | D:11     | Learned a level 5 spell: Blade Hands
 13083 | D:11     | Learned a level 3 spell: Mephitic Cloud
 13149 | D:11     | Reached ** piety under Okawaru
 14550 | Lair:1   | Entered Level 1 of the Lair of Beasts
 14583 | Lair:1   | Found a frozen archway.
 14593 | IceCv    | Entered an ice cave
 14593 | IceCv    | Noticed a white ugly thing
 14609 | IceCv    | Killed a white ugly thing
 14628 | IceCv    | Found a transporter.
 14846 | IceCv    | Noticed a white ugly thing
 14847 | IceCv    | Found a transporter.
 14852 | IceCv    | Killed a white ugly thing
 14866 | IceCv    | Reached *** piety under Okawaru
 15169 | Lair:1   | Noticed a five-headed hydra
 15182 | Lair:1   | Killed a five-headed hydra
 15183 | Lair:1   | Reached skill level 5 in Invocations
 15183 | Lair:1   | Reached skill level 5 in Evocations
 15583 | Lair:1   | Noticed an oklob plant
 16142 | Lair:2   | Found a dark tunnel.
 16149 | Lair:2   | Reached **** piety under Okawaru
 16215 | Volcano  | Entered a volcano
 16220 | Volcano  | Noticed a two-headed ogre
 16229 | Volcano  | Reached XP level 12. HP: 82/82 MP: 18/18
 16231 | Volcano  | Killed a two-headed ogre
 16231 | Volcano  | Received a gift from Okawaru
 16465 | Volcano  | Noticed a two-headed ogre
 16486 | Volcano  | Killed a two-headed ogre
 16489 | Volcano  | Slain by a salamander

Illustrated notes

Levels and vault maps discovered:
D:1:      eino_arrival_cavern_a, layout_basic, amcnicky_mini_corridor_feature
D:2:      layout_rooms, nicolae_tso_swordbearing_angel
D:3:      layout_loops_corners, chequers_temple_overflow_statue_of_worship
D:4:      layout_cave_pools, trog_eyes_of_draining, minmay_temple_entry_arrows,
          uniq_natasha
D:5:      layout_cave_pools, nicolae_dithmenos_shadow_blocks,
          gammafunk_ghost_split, uniq_eustachio
D:6:      layout_rooms, kennysheep_mini_moat, gammafunk_ghost_icy,
          yredelemnul_altar_generic, uniq_edmund, uniq_maggie, uniq_grinder
D:7:      layout_rooms
D:8:      layout_rooms
D:9:      layout_big_octagon, makhleb_blood_cavern_becter,
          kennysheep_okawaru_gauntlet, kennysheep_mini,
          erik_lair_orcish_takeover, serial_shops, nicolae_shop_statue_plus
D:10:     layout_layer_cave, david_orc_3, billiards_dpeg, uniq_josephine
D:11:     layout_layer_cave, worms_lemuel
Temple:   minmay_temple_curvy_branch
Lair:1:   layout_small_grid, portal_ice_cave_entry_pillars_1,
          minmay_lair_oklob_chamber
Lair:2:   layout_layer_cave, guppyfry_snake_entry_island,
          nicolae_volcano_entry_hallway, uniq_fannar
Volcano:  pf_volcano_lost_world

Skill      XL: |  1  2  3  4  5  6  7  8  9 10 11 12 |
---------------+-------------------------------------+-----
Stealth        | 2 4 |  4.0
Fighting       | 2 3 4 6 8 9 |  9.1
Unarmed Combat | 4 5 6 8 10 | 10.0
Poison Magic   | 2 |  2.0
Transmutations | 4 6 8 |  8.0
Spellcasting   | 3 4 |  4.0
Dodging        | 3 6 |  6.0
Evocations     | 2 4 6 |  6.0
Ice Magic      | 2 4 |  4.0
Invocations    | 1 6 8 |  8.0

Action                   |  1- 3 |  4- 6 |  7- 9 | 10-12 || total
-------------------------+-------+-------+-------+-------++-------
Melee: Unarmed           |    63 |   114 |   220 |   305 ||   702
       Tentacles         |    12 |    16 |    37 |     7 ||    72
       Constrict         |    13 |    37 |    46 |       ||    96
       Kick              |     1 |    25 |    50 |       ||    76
       Punch             |       |     6 |    12 |     1 ||    19
Throw: Dart              |     7 |    13 |    90 |     3 ||   113
 Cast: Beastly Appendage |     5 |    21 |    31 |       ||    57
       Wereblood         |     2 |     5 |     7 |    17 ||    31
       Spider Form       |       |       |     8 |    10 ||    18
       Ice Form          |       |       |       |    30 ||    30
Invok: Heroism           |       |       |       |     5 ||     5
 Abil: End Transformatio |       |       |       |     2 ||     2
Evoke: Wand              |       |       |       |     6 ||     6
  Use: Scroll            |       |     6 |     5 |    14 ||    25
 Stab: Sleeping          |     3 |    13 |     7 |     8 ||    31
       Paralysed         |       |       |       |     8 ||     8
Armor: Skin              |    13 |    24 |    35 |    80 ||   152
Dodge: Dodged            |    38 |    43 |   131 |   244 ||   456

Table legend: (Time is in decaauts)
 A = Elapsed time spent in this place.
 B = Non-inter-level travel time spent in this place.
 C = Inter-level travel time spent in this place.
 D = Time resting spent in this place.
 E = Time spent auto-exploring this place.
 F = Levels seen in this place.
 G = Mean time per level.
                   A        B        C        D        E       F      G
               +--------+--------+--------+--------+--------+-----+--------+
         Total |  16427 |  15912 |    515 |   4518 |   9127 |  16 | 1026.7 |
       Dungeon |  13872 |  13519 |    353 |   3794 |   7826 |  11 | 1261.1 |
        Temple |    647 |    576 |     71 |    263 |    295 |   1 |  647.0 |
          Lair |   1203 |   1112 |     91 |    100 |    838 |   2 |  601.5 |
      Ice Cave |    439 |    439 |      0 |    202 |    168 |   1 |  439.0 |
       Volcano |    264 |    264 |      0 |    159 |      0 |   1 |  264.0 |
               +--------+--------+--------+--------+--------+-----+--------+

Top non-repeatable levels by time:
    D:10: 1942 daAuts
     D:3: 1721 daAuts
    D:11: 1685 daAuts
     D:8: 1554 daAuts
     D:4: 1334 daAuts
     D:1: 1276 daAuts
  Lair:1: 1100 daAuts
     D:5: 1018 daAuts
     D:9: 908 daAuts
     D:2: 874 daAuts
     D:6: 828 daAuts
     D:7: 727 daAuts
  Temple: 647 daAuts
   IceCv: 439 daAuts
 Volcano: 264 daAuts
